Map: Lost and Found LE

Players

Clem - Winner!

  • Race: Terran Terran
  • League: Grandmaster
  • Spawn Location: 1:00

Harstem

  • Race: Protoss Protoss
  • League: Master
  • Spawn Location: 7:00

Event: HomeStory Cup XVII

VOD

Have the link to the VOD?

Description

Time

  • Played on: June 28, 2018, 11:23 a.m.
  • Length: 6:48

All games in this series

Show
View Real Time Build Order
Export as new Build Order

Clem Terran - Winner!

Build Orders: MMM Bio 

Get SALT Encoding   

  12  0:00  SCV  
  13  0:13  SCV  
  14  0:17  Supply Depot  
  14  0:25  SCV  
  15  0:38  SCV  
  15  0:40  Barracks  
  16  0:43  Refinery  
  16  0:50  SCV  
  17  1:03  SCV  
  18  1:15  SCV  
  19  1:27  Orbital Command  
  19  1:29  Marine  
  20  1:38  Command Center  
  20  1:47  Supply Depot  
  20  1:49  Barracks Tech Lab  
  20  1:54  SCV  
  21  2:06  SCV  
  21  2:07  Concussive Shells  
  22  2:09  Marauder  
  24  2:16  Barracks  
  24  2:18  SCV  
  25  2:30  Marauder, SCV  
  25  2:32  Barracks  
  28  2:43  Engineering Bay  
  28  2:45  SCV  
  28  2:51  Orbital Command, Marine  
  29  2:56  Stimpack  
  30  2:59  SCV  
  31  3:08  Barracks Reactor  
  31  3:09  Marine  
  31  3:11  SCV  
  33  3:14  Supply Depot  
  33  3:18  SCV  
  34  3:20  Marine  
  34  3:24  Terran Infantry Weapons Level 1, SCV  
  34  3:26  Marine  
  37  3:32  Supply Depot  
  37  3:34  Missile Turret  
  37  3:35  SCV  
  37  3:36  SCV  
  37  3:39  Marine  
  40  3:43  Marine  
  40  3:44  Marine x2  
  40  3:47  SCV  
  44  3:54  SCV  
  45  3:56  Supply Depot  
  45  3:58  Marine  
  45  3:59  SCV  
  45  4:01  Marine  
  47  4:06  SCV  
  47  4:10  Marine, Missile Turret  
  47  4:11  Marine, SCV  
  51  4:18  Barracks Tech Lab, SCV  
  51  4:20  Factory  
  51  4:23  SCV  
  52  4:24  Refinery  
  52  4:25  Refinery  
  52  4:27  Marine x2  
  52  4:30  SCV  
  54  4:35  SCV  
  54  4:36  Marine  
  54  4:38  Marine  
  54  4:42  SCV  
  54  4:43  Refinery  
  56  4:46  Marine  
  56  4:47  Combat Shields, Marine  
  56  4:48  SCV  
  56  4:52  Supply Depot  
  59  4:54  SCV  
  59  4:57  Marauder x2  
  64  5:00  SCV  
  64  5:05  Marine x2  
  64  5:07  SCV  
  68  5:08  Supply Depot  
  68  5:10  Supply Depot  
  68  5:12  SCV  
  68  5:13  Starport, Factory Reactor  
  69  5:18  Marauder  
  69  5:19  SCV  
  69  5:22  Marauder  
  69  5:24  SCV  
  69  5:25  Marine  
  69  5:26  Marine  
  71  5:31  SCV  
  71  5:36  SCV  
  71  5:39  Marine  
  73  5:42  Marine  
  73  5:43  Marine, SCV  
  73  5:44  Marauder  
  73  5:48  SCV  
  73  5:49  Supply Depot  
  79  5:55  SCV  
  79  5:57  Marauder  
  79  5:59  Factory Reactor  
  79  6:02  Barracks x2  
  79  6:03  Medivac  
  83  6:04  Medivac  
  83  6:06  Marine  
  83  6:07  Marine  
  87  6:12  Supply Depot  
  87  6:13  Marauder  
  89  6:22  Supply Depot  
  89  6:23  Marauder  
  89  6:24  SCV x2  
  90  6:36  SCV  
Show
View Real Time Build Order
Export as new Build Order

Harstem Protoss 

Build Orders: 1 Gate Expand, Oracle Opening 

Get SALT Encoding   

  12  0:00  Probe  
  13  0:13  Probe  
  14  0:17  Pylon  
  14  0:24  Probe  
  15  0:32  Probe  
  15  0:37  Gateway  
  15  0:42  Probe  
  16  0:46  Assimilator  
  17  0:54  Probe  
  18  1:06  Probe  
  19  1:18  Probe  
  19  1:24  Nexus  
  20  1:33  Cybernetics Core  
  20  1:34  Probe  
  21  1:40  Assimilator  
  21  1:46  Probe  
  22  1:50  Pylon  
  22  1:58  Probe  
  22  2:01  Adept  
  23  2:11  Probe  
  26  2:16  Stargate  
  25  2:23  Probe  
  25  2:24  Warp Gate  
  25  2:27  Adept  
  28  2:32  Probe  
  28  2:35  Probe  
  30  2:40  Probe  
  30  2:47  Probe  
  30  2:49  Oracle  
  30  2:50  Probe  
  33  2:59  Probe  
  33  3:02  Adept, Probe  
  40  3:08  Pylon  
  40  3:11  Probe  
  41  3:16  Probe  
  41  3:17  Oracle  
  42  3:28  Probe  
  46  3:34  Probe  
  46  3:35  Gateway  
  46  3:37  Gateway  
  46  3:40  Probe  
  48  3:43  Pylon  
  48  3:46  Probe  
  49  3:52  Probe  
  50  3:58  Probe  
  50  3:59  Oracle, Nexus  
  54  4:10  Probe  
  54  4:13  Probe  
  54  4:16  Assimilator  
  56  4:17  Pylon  
  56  4:18  Assimilator  
  56  4:22  Probe  
  57  4:25  Probe  
  58  4:36  Probe  
  59  4:39  Forge  
  59  4:40  Twilight Council  
  59  4:42  Stalker x2  
  59  4:43  Probe  
  64  4:46  Stalker  
  64  4:50  Probe  
  64  4:52  Pylon  
  67  4:54  Probe  
  67  4:59  Probe  
  68  5:02  Probe  
  68  5:04  Pylon  
  70  5:07  Probe  
  70  5:10  Probe  
  70  5:11  Sentry  
  70  5:12  Stalker  
  70  5:13  Probe  
  77  5:24  Probe  
  77  5:25  Probe  
  79  5:29  Probe  
  80  5:35  Stalker x2  
  80  5:36  Probe  
  80  5:38  Probe  
  83  5:42  Gateway  
  83  5:45  Gateway  
  83  5:46  Probe  
  83  5:49  Probe  
  85  5:52  Gateway, Probe  
  85  5:54  Robotics Facility  
  86  5:58  Probe  
  86  5:59  Pylon  
  86  6:01  Stalker  
  89  6:05  Stalker  
  89  6:07  Stalker  
  93  6:11  Shield Battery  
  93  6:12  Probe  
  94  6:19  Probe x2  
  94  6:22  Pylon  
  94  6:23  Pylon  
  92  6:26  Stalker  
  92  6:30  Sentry  
  92  6:31  Stalker  
Tags
 
Add a new tag
Caveats
  • Supply blocks, unpowered buildings, or Contaminate may cause inaccurate times.
  • Supply counts are checked every 10 seconds.